 Dungeon Crawl Stone Soup version 0.27-a0-637-g3a9f0a9c12 (webtiles) character file.

Game seed: 17737161759673018167

100095 graki42 the Eclecticist (level 15, -12/92 HPs)
             Began as a Deep Elf Conjurer on Mar 14, 2021.
             Was a High Priest of Vehumet.
             Mangled by a five-headed hydra (13 damage)
             ... on level 1 of the Swamp.
             The game lasted 02:36:26 (31239 turns).

graki42 the Eclecticist (Deep Elf Conjurer)        Turns: 31239, Time: 02:36:26

Health: -12/92     AC: 12    Str: 10    XL:     15   Next: 79%
Magic:  53/67      EV: 19    Int: 28    God:    Vehumet [*****.]
Gold:   1110       SH:  0    Dex: 17    Spells: 27/52 levels left

rFire    + . .     SeeInvis .   I - +0 spear of Inurusk {flame, rPois MP+9 Str+2 Dex+4}
rCold    + + .     Faith    .   (no shield)
rNeg     + . .     Spirit   .   k - +2 robe {rC+ rF+}
rPois    +         Reflect  .   f - +0 helmet
rElec    +         Harm     .   B - scarf {repulsion}
rCorr    .         Rampage  .   N - +0 pair of gloves "Tubolus" {+Inv rC+ rN+ Int+2}
Will     +....                  m - +5 pair of boots of the Soldier {rElec MP+9}
Stlth    ++........             (no amulet)
HPRegen  0.25/turn              d - ring of magical power
MPRegen  0.40/turn              o - +4 ring of evasion

@: repel missiles
A: no striking features
a: Renounce Religion, Evoke Invisibility


You were on level 1 of the Swamp.
You worshipped Vehumet.
Vehumet was extremely pleased with you.
You visited 5 branches of the dungeon, and saw 23 of its levels.
You also visited: Bailey.

You collected 2095 gold pieces.
You spent 985 gold pieces at shops.

Inventory:

Hand Weapons
 I - the +0 spear of Inurusk (weapon) {flame, rPois MP+9 Str+2 Dex+4}
   (You bought it in a shop on level 2 of the Orcish Mines)

   It has been specially enchanted to burn those struck by it, causing extra
   injury to most foes and up to half again as much damage against particularly
   susceptible opponents.
   It affects your strength (+2).
   It affects your dexterity (+4).
   It protects you from poison.
   It affects your magic capacity (+9).
Missiles
 p - 3 throwing nets
Armour
 e - the +1 pair of gloves "Nengal" {Rampage rC+}
   (You found it on level 1 of the Swamp)

   It protects you from cold.
   It bestows one free step when moving towards enemies.
 f - a +0 helmet (worn)
 k - a +2 robe of resistance (worn)
 m - the +5 pair of boots of the Soldier (worn) {rElec MP+9}
   (You found it on level 1 of the Lair of Beasts)

   It insulates you from electricity.
   It affects your magic capacity (+9).
 B - a scarf of repulsion (worn)
 N - the +0 pair of gloves "Tubolus" (worn) {+Inv rC+ rN+ Int+2}
   (You found it on level 1 of the Lair of Beasts)

   It affects your intelligence (+2).
   It protects you from cold.
   It protects you from negative energy.
   It lets you turn invisible.
 X - a +0 robe of willpower
Jewellery
 d - a ring of magical power (right hand)
 g - a ring of positive energy
 i - a ring of see invisible
 o - a +4 ring of evasion (left hand)
 S - the ring "Ilemmes" {rC+ Stlth+}
   (You found it on level 6 of the Lair of Beasts)

   [ring of protection from cold]

   It protects you from cold.
   It makes you more stealthy.
 T - a ring of resist corrosion
Wands
 c - a wand of mindburst (21)
 O - a wand of acid (22)
Scrolls
 a - a scroll of enchant weapon
 b - 4 scrolls of identify
 l - 6 scrolls of teleportation
 q - 2 scrolls of magic mapping
 u - 5 scrolls of immolation
 D - 2 scrolls of fear
 P - 2 scrolls of blinking
 Q - 3 scrolls of vulnerability
Potions
 h - 2 potions of cancellation
 j - 4 potions of curing
 s - a potion of heal wounds
 x - a potion of magic
 z - 2 potions of lignification
 A - 2 potions of brilliance
 E - a potion of resistance
 J - 4 potions of attraction
 K - a potion of ambrosia
 R - a potion of flight
Miscellaneous
 n - a phial of floods (inert)
 V - a condenser vane
 W - a condenser vane


   Skills:
 - Level 10.0 Fighting
 + Level 6.1 Dodging
 - Level 3.0 Stealth
 + Level 19.2 Spellcasting
 + Level 16.9 Conjurations
 - Level 7.0 Hexes
 - Level 11.0 Necromancy
 - Level 6.0 Translocations
 + Level 5.2 Air Magic


You had 27 spell levels left.
You knew the following spells:

 Your Spells              Type           Power      Damage    Failure   Level
a - Magic Dart            Conj           100%       1d8       0%          1
b - Searing Ray           Conj           100%       3d7       0%          2
c - Fulminant Prism       Conj/Hex       38%        3d18      1%          4
d - Iskenderun's Mystic   Conj/Tloc      74%        2d15      1%          4
e - Dispel Undead         Necr           73%        3d24      1%          4
f - Lightning Bolt        Conj/Air       36%        1d54      1%          5
g - Iskenderun's Battles  Conj           89%        2d14      1%          5

Your spell library contained the following spells:

 Spells                   Type           Power      Damage    Failure   Level
 Shock                    Conj/Air       100%       1d9       0%          1
 Beastly Appendage        Tmut           52%        N/A       1%          1
 Corpse Rot               Necr/Air       N/A        N/A       1%          2
 Sublimation of Blood     Necr           36%        N/A       1%          2
 Swiftness                Air            54%        N/A       1%          2
 Dazzling Flash           Conj/Hex       100%       N/A       1%          3
 Static Discharge         Conj/Air       73%        N/A       1%          3
 Airstrike                Air            27%        N/A       1%          4
 Agony                    Necr           73%        N/A       1%          5
 Excruciating Wounds      Necr           36%        N/A       1%          5
 Wereblood                Tmut           26%        N/A       2%          2
 Freezing Cloud           Conj/Ice/Air   31%        6-21      3%          6
 Spider Form              Tmut/Pois      13%        N/A       4%          3
 Metabolic Englaciation   Hex/Ice        23%        N/A       11%         5
 Ice Form                 Ice/Tmut       26%        N/A       16%         4
 Simulacrum               Ice/Necr       27%        N/A       26%         6
 Blade Hands              Tmut           13%        N/A       41%         5
 Ozocubu's Refrigeration  Ice            13%        4d7       95%         7


Dungeon Overview and Level Annotations

Branches:
Dungeon (12/15)            Temple (1/1) D:7            Lair (6/6) D:8
  Swamp (2/4) Lair:4       Spider (0/4) Lair:2        Slime (0/5) Lair:5
    Orc (2/2) D:12            Elf (0/3) Orc:2        Bailey (visited)

Altars:
Ashenzari
Cheibriados
Dithmenos
Elyvilon
Fedhas
Gozag
Hepliaklqana
Kikubaaqudgha
Makhleb
Nemelex Xobeh
Okawaru
Qazlal
Ru
Sif Muna
Trog
Uskayaw
Vehumet
Wu Jian
Xom
Yredelemnul
Zin
The Shining One
Beogh

Shops:
D:4 (   D:8 ?((   D:12 ?([   Orc:2 *([(


Message History

The mystic blast hits the will-o-the-wisp!!
The will-o-the-wisp is heavily damaged.
The will-o-the-wisp is knocked back by the mystic blast.
Casting: Iskenderun's Mystic Blast (safe; 1% risk of failure)
Confirm with . or Enter, or press ? or * to list all spells.
Aiming: Fulminant Prism (safe; 1% risk of failure)
Press: ? - help, Dir - move target You conjure a prism of explosive energy!
A fulminant prism comes into view.
Casting: Fulminant Prism (safe; 1% risk of failure)
Confirm with . or Enter, or press ? or * to list all spells.
You erupt in a blast of force!
The mystic blast hits the bunyip.
The bunyip is lightly wounded.
The bunyip is knocked back by the mystic blast.
The mystic blast hits the five-headed hydra!!
The five-headed hydra is heavily wounded.
The mystic blast hits the will-o-the-wisp!!
The will-o-the-wisp is almost destroyed.
The will-o-the-wisp is knocked back by the mystic blast.
The five-headed hydra bites you but does no damage. x3
The five-headed hydra barely misses you.
The five-headed hydra bites you.
Your fulminant prism crackles loudly.
Casting: Iskenderun's Mystic Blast (safe; 1% risk of failure)
Confirm with . or Enter, or press ? or * to list all spells.
You erupt in a blast of force!
The mystic blast hits the will-o-the-wisp!!
You destroy the will-o-the-wisp!
Vehumet accepts your kill.
You feel your power returning.
The mystic blast hits the five-headed hydra!
The five-headed hydra is severely wounded.
The five-headed hydra closely misses you.
The five-headed hydra bites you!
* * * LOW HITPOINT WARNING * * *
The five-headed hydra bites you but does no damage.
The five-headed hydra bites you!
* * * LOW HITPOINT WARNING * * *
The five-headed hydra bites you!
You die...

♣♣♣.≈.≈....≈≈♣♣
♣♣♣♣♣♣♣§≈≈♣♣♣♣
.≈.≈≈≈..≈≈..≈♣ ♣≈)≈≈≈♣
≈≈.≈≈≈..≈≈≈.♣♣ ♣♣♣ ♣≈≈≈♣♣♣
≈≈......≈≈≈.≈♣ ♣.♣♣♣♣♣§♣♣
≈≈§..≈≈..≈♣♣♣♣ ♣≈≈♣.♣♣♣♣
§§≈≈≈≈≈≈..≈♣♣ ♣♣.≈....♣♣♣
≈...≈≈≈§≈..≈♣♣♣♣♣♣..♣♣≈...♣♣
≈≈≈.≈≈≈≈≈≈....≈.♣♣♣♣♣♣♣.≈..♣
≈≈≈...≈§≈≈≈§x≈≈≈@♣♣♣♣♣≈≈≈≈.♣
≈≈≈........≈≈*≈D.♣≈..≈.≈≈≈.♣
≈≈≈......♣≈≈≈≈≈§.♣.≈...≈§≈.♣
≈≈≈....≈...≈§≈§≈.♣..≈...≈≈.♣
≈≈≈≈..≈...≈≈≈≈..♣♣♣♣♣....≈♣♣
≈≈≈≈§..♣§...≈...≈♣ ♣..≈≈.≈.♣
≈§≈≈.≈≈.>...§≈...♣♣♣.≈≈≈..♣♣
♣.≈≈≈.≈....≈≈≈≈...♣♣.≈≈≈.♣♣
♣♣).........≈≈≈.....≈.§♣♣♣


You could see a bunyip (ally target), a five-headed hydra and a friendly
fulminant prism.

Vanquished Creatures
  Saint Roka (Orc:2)
  A thorn hunter (Swamp:1)
  Donald (Swamp:1)
  An eleionoma (Swamp:1)
  6 dire elephants (Lair:6)
  A bunyip (Swamp:1)
  Snorg (D:10)
  2 boulder beetles
  11 hydras
  An anaconda (Lair:6)
  A death knight (D:12)
  The ghost of Yxeuxem the Timeless, a novice DDFi of Cheibriados (Orc:1)
  2 alligators (Swamp:1)
  A two-headed ogre (D:9)
  18 death yaks
  An orc high priest (Orc:1)
  A spriggan (Swamp:1)
  Sonja (Orc:1)
  Nergalle (Lair:2)
  2 skeletal warriors (D:11)
  3 fire crabs (Lair:1)
  3 goliath frogs
  9 orc knights
  2 orc sorcerers
  A will-o-the-wisp (Swamp:1)
  18 elephants
  2 cyclopes
  A gargoyle (D:11)
  Maurice (D:9)
  3 black mambas
  16 cane toads
  2 kobold demonologists (D:12)
  6 komodo dragons
  2 freezing wraiths (D:11)
  2 polar bears
  A hornet (Swamp:1)
  5 trolls
  A bloated husk (Swamp:1)
  4 tyrant leeches
  24 blink frogs
  A centaur simulacrum (D:11)
  7 wyverns
  2 wraiths (D:12)
  A redback (Lair:2)
  10 basilisks
  30 yaks
  3 fire elementals (Lair:1)
  Eustachio (D:5)
  3 vampire mosquitoes (Swamp:1)
  2 steam dragons
  4 swamp worms
  3 wargs
  19 water moccasins
  57 orc warriors
  A sky beast (D:11)
  2 black bears
  2 swamp drakes (Swamp:1)
  2 ice beasts (D:7)
  18 wolves
  8 ogres
  6 centaurs
  The ghost of t4s4d4r the Conjurer, an amateur DgCj (D:3)
  4 phantoms
  A kobold brigand (D:12)
  An elf zombie (D:12)
  A gnoll sergeant (D:10)
  21 bullfrogs
  A water moccasin zombie (D:9)
  A wyvern skeleton (D:10)
  6 scorpions
  2 water moccasin skeletons
  13 killer bees
  12 wights
  An electric eel (Lair:3)
  6 howler monkeys
  A lava snake (D:7)
  3 centaur zombies
  2 quasits
  2 bullfrog zombies
  24 orc priests
  4 human zombies (D:12)
  5 bullfrog skeletons
  8 centaur skeletons
  4 hounds
  4 jellies
  Jessica (D:7)
  Crazy Yiuf (D:3)
  A human skeleton (D:12)
  An iguana (D:3)
  32 orc wizards
  5 hell rats (Lair:4)
  10 worker ants
  3 mummies (D:12)
  2 worker ant zombies
  A howler monkey zombie (D:11)
  13 adders
  9 gnolls
  4 shadow imps
  A white imp (D:8)
  3 ufetubi
  3 oozes (Lair:5)
  2 worms
  5 dart slugs
  4 leopard geckos
  133 orcs
  5 bats
  4 giant cockroaches
  2 hobgoblins (D:2)
  6 jackals
  8 quokkas
  A ball python (D:5)
  3 frilled lizards
  6 goblins
  8 kobolds
  A leopard gecko skeleton (D:7)
  An orc zombie (D:12)
  7 rats
  5 fulminant prisms
762 creatures vanquished.

Vanquished Creatures (others)
  A bush (Lair:6)
  255 fulminant prisms
  69 fungi
  85 plants
410 creatures vanquished.

Grand Total: 1172 creatures vanquished

Notes
Turn   | Place    | Note
-------+----------+-------------------------------------------
     0 | D:1      | graki42 the Deep Elf Conjurer began the quest for the Orb.
     0 | D:1      | Reached XP level 1. HP: 10/10 MP: 6/6
   257 | D:1      | Reached XP level 2. HP: 15/15 MP: 8/8
   260 | D:1      | Learned a level 2 spell: Searing Ray
   827 | D:2      | Reached XP level 3. HP: 19/19 MP: 10/10
  1074 | D:2      | Reached skill level 4 in Spellcasting
  1074 | D:2      | Reached skill level 5 in Conjurations
  1206 | D:2      | Found an ornate altar of the Wu Jian Council.
  1633 | D:3      | Reached XP level 4. HP: 24/24 MP: 12/12
  1720 | D:3      | Learned a level 4 spell: Fulminant Prism
  1725 | D:3      | Learned a level 4 spell: Iskenderun's Mystic Blast
  1726 | D:3      | Found a faded altar of an unknown god.
  2112 | D:3      | Found a burning altar of Makhleb.
  2523 | D:3      | Found a runed translucent door.
  2531 | D:3      | Reached skill level 1 in Hexes
  2578 | D:3      | Reached XP level 5. HP: 28/28 MP: 14/14
  2675 | D:3      | Found a runed translucent door.
  2676 | D:3      | Noticed Crazy Yiuf
  2682 | D:3      | Killed Crazy Yiuf
  2683 | D:3      | Reached skill level 1 in Translocations
  2735 | D:3      | Noticed t4s4d4r's ghost (amateur DgCj)
  2744 | D:3      | Killed t4s4d4r's ghost
  2745 | D:3      | Reached skill level 5 in Spellcasting
  2965 | D:3      | You fall into a shaft and drop 1 floor!
  3236 | D:4      | Reached XP level 6. HP: 32/32 MP: 16/16
  3563 | D:4      | Found a blossoming altar of Fedhas.
  3616 | D:4      | Found Qecoudd's Weapon Shop.
  3623 | D:4      | Reached skill level 6 in Spellcasting
  3697 | D:4      | Reached XP level 7. HP: 31/36 MP: 18/18
  3846 | D:5      | Entered Level 5 of the Dungeon
  4095 | D:5      | Noticed Eustachio
  4102 | D:5      | Killed Eustachio
  4293 | D:5      | Found a sacrificial altar of Ru.
  4954 | D:6      | Reached skill level 7 in Spellcasting
  5011 | D:6      | Found a stormy altar of Qazlal.
  5030 | D:6      | Reached skill level 5 in Hexes
  5030 | D:6      | Reached XP level 8. HP: 38/41 MP: 20/20
  6199 | D:7      | Reached skill level 5 in Translocations
  6396 | D:7      | Reached skill level 8 in Spellcasting
  6505 | D:7      | Found a hide-covered altar of Uskayaw.
  6549 | D:7      | Found a staircase to the Ecumenical Temple.
  6565 | Temple   | Entered the Ecumenical Temple
  6753 | Temple   | Became a worshipper of Vehumet
  6940 | D:7      | Noticed Jessica
  6945 | D:7      | Killed Jessica
  6946 | D:7      | Reached XP level 9. HP: 45/45 MP: 23/23
  6951 | D:7      | Found a shimmering blue altar of Sif Muna.
  7338 | D:8      | Found Fuexecha's Weapon Shoppe.
  7353 | D:8      | Reached skill level 9 in Spellcasting
  7357 | D:8      | Reached * piety under Vehumet
  7357 | D:8      | Offered knowledge of Freeze by Vehumet.
  7725 | D:8      | Found Ceriad's Weapon Shoppe.
  7787 | D:8      | Reached skill level 10 in Spellcasting
  7976 | D:8      | Reached skill level 10 in Conjurations
  7988 | D:8      | Found a staircase to the Lair.
  8014 | D:8      | Reached skill level 11 in Spellcasting
  8151 | D:8      | Reached XP level 10. HP: 38/50 MP: 27/27
  8372 | D:8      | Found Peistuyf's Magic Scroll Emporium.
  8378 | D:8      | Bought a scroll of amnesia for 42 gold pieces
  8423 | D:8      | Found a sparkling altar of Nemelex Xobeh.
  8508 | D:8      | Reached ** piety under Vehumet
  8508 | D:8      | Offered knowledge of Shock by Vehumet.
  9045 | D:9      | Noticed a two-headed ogre
  9053 | D:9      | Killed a two-headed ogre
  9054 | D:9      | Reached skill level 12 in Spellcasting
  9221 | D:9      | Noticed Maurice
  9232 | D:9      | Killed Maurice
  9436 | D:9      | Found an opulent altar of Gozag.
  9439 | D:9      | Found a hazy altar of Hepliaklqana.
  9443 | D:9      | Found an ancient bone altar of Kikubaaqudgha.
  9568 | D:9      | Offered knowledge of Frozen Ramparts by Vehumet.
  9628 | D:9      | Identified the +8 glaive of Veevvu {elec, Fragile rElec
                  | rN++ Dex+4}
  9701 | D:9      | Reached skill level 13 in Spellcasting
 10056 | D:10     | Entered Level 10 of the Dungeon
 10291 | D:10     | Noticed Snorg
 10297 | D:10     | Killed Snorg
 10298 | D:10     | Reached skill level 1 in Fighting
 10298 | D:10     | Reached XP level 11. HP: 56/56 MP: 28/30
 10300 | D:10     | Reached *** piety under Vehumet
 10686 | D:10     | Offered knowledge of Conjure Flame by Vehumet.
 11241 | D:11     | Found an iron altar of Okawaru.
 11282 | D:11     | Reached skill level 14 in Spellcasting
 11603 | D:11     | Found a blossoming altar of Fedhas.
 11614 | D:11     | Reached **** piety under Vehumet
 11789 | D:11     | Offered knowledge of Olgreb's Toxic Radiance by Vehumet.
 11796 | D:11     | Noticed a skeletal warrior
 11803 | D:11     | Killed a skeletal warrior
 12503 | D:12     | Noticed a death knight
 12503 | D:12     | Noticed a skeletal warrior
 12589 | Lair:1   | Entered Level 1 of the Lair of Beasts
 12604 | Lair:1   | Found a transporter.
 12654 | Lair:1   | Identified the +0 pair of gloves "Tubolus" {+Inv rC+ rN+
                  | Int+2}
 12940 | Lair:1   | Found a transporter.
 12940 | Lair:1   | Noticed a fire crab
 12940 | Lair:1   | Noticed a fire crab
 12941 | Lair:1   | Noticed a fire crab
 12945 | Lair:1   | Killed a fire crab
 12956 | Lair:1   | Killed a fire crab
 12957 | Lair:1   | Reached skill level 15 in Spellcasting
 12961 | Lair:1   | Killed a fire crab
 12962 | Lair:1   | Reached XP level 12. HP: 29/68 MP: 6/33
 12974 | Lair:1   | Identified the +5 pair of boots of the Soldier {rElec MP+9}
 13200 | Lair:1   | Reached skill level 5 in Fighting
 13213 | Lair:1   | Noticed an eight-headed hydra
 13222 | Lair:1   | Killed an eight-headed hydra
 13503 | Lair:1   | Reached ***** piety under Vehumet
 13506 | Lair:1   | Offered knowledge of Hailstorm by Vehumet.
 13512 | Lair:1   | Learned a level 4 spell: Dispel Undead
 13590 | Lair:1   | Reached skill level 1 in Necromancy
 14637 | Lair:2   | Found a hole to the Spider Nest.
 14811 | Lair:2   | Noticed Nergalle
 14823 | Lair:2   | Killed Nergalle
 14824 | Lair:2   | Reached skill level 16 in Spellcasting
 15357 | Lair:3   | Noticed a six-headed hydra
 15362 | Lair:3   | Killed a six-headed hydra
 15421 | Lair:3   | Noticed a death yak
 15508 | Lair:3   | Noticed a death yak
 15526 | Lair:3   | Killed a death yak
 15533 | Lair:3   | Noticed a death yak
 15537 | Lair:3   | Noticed a death yak
 15541 | Lair:3   | Noticed a death yak
 15541 | Lair:3   | Noticed a death yak
 15542 | Lair:3   | Killed a death yak
 15542 | Lair:3   | Killed a death yak
 15543 | Lair:3   | Reached skill level 5 in Necromancy
 15543 | Lair:3   | Reached XP level 13. HP: 72/76 MP: 17/35
 16778 | Lair:4   | Identified the +0 robe of the Sunfish {-Tele rElec SInv}
 17167 | Lair:4   | Reached skill level 15 in Conjurations
 17553 | Lair:4   | Found a staircase to the Swamp.
 17876 | Lair:5   | Reached skill level 17 in Spellcasting
 17882 | Lair:5   | Offered knowledge of Eringya's Noxious Bog by Vehumet.
 18603 | Lair:5   | Found a staircase to the Slime Pits.
 18744 | Lair:6   | Entered Level 6 of the Lair of Beasts
 18889 | Lair:5   | Reached XP level 14. HP: 45/84 MP: 16/37
 20088 | Lair:6   | Learned a level 5 spell: Lightning Bolt
 20224 | Lair:6   | Identified the ring "Ilemmes" {rC+ Stlth+}
 21113 | Lair:6   | Reached skill level 18 in Spellcasting
 21355 | Lair:6   | Reached skill level 10 in Necromancy
 22178 | Lair:6   | Identified the +8 plate armour "Eruturr" {rF- MP+9 Int+4}
 22251 | Lair:6   | Offered knowledge of Lee's Rapid Deconstruction by Vehumet.
 23327 | D:12     | Reached skill level 1 in Air Magic
 23865 | D:12     | Found Hamosif's Magic Scroll Shop.
 24134 | D:12     | Found Cixkiann's Weapon Shop.
 24134 | D:12     | Found a staircase to the Orcish Mines.
 24134 | D:12     | Found Alippas's Armour Shop.
 24471 | D:12     | Found a basalt altar of Yredelemnul.
 24500 | D:12     | Reached XP level 15. HP: 91/91 MP: 38/39
 25256 | Orc:1    | Entered Level 1 of the Orcish Mines
 25385 | Orc:1    | Noticed Sonja
 25391 | Orc:1    | Killed Sonja
 25768 | Orc:1    | Found a flagged portal.
 25782 | Bailey   | Entered a bailey
 26934 | Orc:2    | Entered Level 2 of the Orcish Mines
 27039 | Orc:2    | Offered knowledge of Yara's Violent Unravelling by Vehumet.
 27320 | Orc:2    | Noticed Saint Roka
 27346 | Orc:2    | Killed Saint Roka
 27827 | Orc:2    | Found a staircase to the Elven Halls.
 28153 | Orc:2    | Found Zoepo's Assorted Antiques.
 28206 | Orc:2    | Found Zufaen's Antique Weapon Boutique.
 28596 | Orc:2    | Found Kuedghab's Antique Weapon Emporium.
 28602 | Orc:2    | Found Neupuhec's Antique Armour Shoppe.
 28728 | Orc:2    | Bought a fine spear for 240 gold pieces
 28728 | Orc:2    | Identified the +0 spear of Inurusk {flame, rPois MP+9 Str+2
                  | Dex+4} (You bought it in a shop on level 2 of the Orcish
                  | Mines)
 28728 | Orc:2    | Bought an ancient quarterstaff for 270 gold pieces
 28728 | Orc:2    | Identified the +9 quarterstaff "Yqul" {flame, rC+} (You
                  | bought it in a shop on level 2 of the Orcish Mines)
 28780 | Orc:2    | Bought a glowing robe for 77 gold pieces
 28780 | Orc:2    | Bought a pair of embroidered gloves for 157 gold pieces
 28780 | Orc:2    | Bought a pair of ancient boots for 199 gold pieces
 28780 | Orc:2    | Identified the +0 pair of boots of Fedhas's Delight {rN+
                  | SInv} (You bought it in a shop on level 2 of the Orcish
                  | Mines)
 28987 | Orc:1    | Found a runed translucent gate.
 28987 | Orc:1    | Found a runed translucent gate.
 28987 | Orc:1    | Found a runed translucent gate.
 28993 | Orc:1    | Identified the +1 plate armour "Vuvoazeff" {Harm rPois
                  | Regen+ Dex-5}
 28996 | Orc:1    | Noticed Yxeuxem's ghost (novice DDFi)
 29058 | Orc:1    | Reached skill level 10 in Fighting
 29068 | Orc:1    | Killed Yxeuxem's ghost
 29070 | Orc:1    | Offered knowledge of Iskenderun's Battlesphere by Vehumet.
 29287 | Orc:1    | Identified the +0 pair of boots "Gawoit" {Regen+}
 29572 | Swamp:1  | Entered Level 1 of the Swamp
 29590 | Swamp:1  | Reached skill level 5 in Dodging
 29590 | Swamp:1  | Reached skill level 19 in Spellcasting
 29940 | Swamp:1  | Noticed a thorn hunter
 29946 | Swamp:1  | Killed a thorn hunter
 29961 | Swamp:1  | Noticed Donald
 29969 | Swamp:1  | Killed Donald
 30206 | Swamp:1  | Reached skill level 5 in Air Magic
 30231 | Swamp:1  | Learned a level 5 spell: Iskenderun's Battlesphere
 30843 | Swamp:1  | Identified the +1 pair of gloves "Nengal" {Rampage rC+}
 31239 | Swamp:1  | HP: 1/92 [five-headed hydra (12)]
 31239 | Swamp:1  | Mangled by a five-headed hydra

Illustrated notes

Levels and vault maps discovered:
D:1:      dpeg_arrival_shelter, layout_basic, minmay_pentomino_w2
D:2:      layout_loops_ring, marbit_many_paths
D:3:      layout_basic, lemuel_coloured_pillars_altar,
          chequers_ecumenical_altar_simple_redux, ebering_ghost_reflecting_pool,
          uniq_crazy_yiuf_cottage
D:4:      layout_rooms, lemuel_round_altar, serial_shops, shop
D:5:      layout_cave_pods, nicolae_ru_sacrificial_ziggurat, uniq_eustachio
D:6:      layout_basic, nicolae_qazlal_general_emergency, nrook_uturn
D:7:      layout_rooms, nicolae_uskayaw_suspiria, tgw_sif,
          minmay_temple_entry_slanted, st_stairs_11
D:8:      layout_gridville, nemelex_xobeh_ov_fountains_minmay,
          minmay_lair_entry_grove, serial_shops, nicolae_shop_trees,
          kennysheep_little_box, shop_statue
D:9:      layout_irregular_city, grunt_temple_overflow_diamond, minmay_bent,
          uniq_maurice
D:10:     layout_small_grid, uniq_snorg
D:11:     layout_loops_corners, st_stairs_11, hangedman_feature_mirror
D:12:     layout_grid_maze, orc_david_3, serial_shops, nicolae_shop_waterfront,
          lemuel_mausoleum_altar_yredelemnul
Temple:   minmay_temple_bridge_abc
Lair:1:   gammafunk_cloud_chamber, layout_regular_city,
          nicolae_lair_grove_arrangements, serial_bayou_pond_e,
          serial_bayou_shore_b, grunt_megastairs_5
Lair:2:   layout_chaotic_city, spider_nest_entry_a, grunt_megastairs_2,
          uniq_nergalle
Lair:3:   layout_loops_ring, serial_bayou_shore_a
Lair:4:   layout_regular_city, palyth_hydra_swamp_entry, serial_bayou_shore_b
Lair:5:   layout_roguey, nicolae_slime_entry_slimehenge
Lair:6:   due_jungle_book, layout_loops_ring, grunt_megastairs_4,
          infiniplex_staircase_pool_2, serial_bayou_shore_b
Swamp:1:  layout_basic_swamp, nicolae_swamp_small_spring,
          nicolae_swamp_orc_logging_accident, swamp_pool3, uniq_donald
Swamp:2:  layout_basic_swamp, evilmike_swamp_ruin_house_3, swamp_pool4
Orc:1:    layout_diamond_mine, biasface_ghost_orc_armoury, enter_bailey_6,
          uniq_sonja
Orc:2:    grunt_orc_community_town_hall, layout_caves,
          grunt_orc_community_big_house_1, grunt_orc_community_big_house_1,
          grunt_orc_community_house_1, grunt_orc_community_house_2,
          grunt_orc_community_house_3, grunt_orc_community_house_3

Skill      XL: |  1  2  3  4  5  6  7  8  9 10 11 12 13 14 15 |
---------------+----------------------------------------------+-----
Stealth        | 3 |  3.0
Dodging        | 3 6 |  6.1
Spellcasting   | 4 5 6 7 8 11 13 15 16 17 18 19 | 19.2
Conjurations   | 5 6 7 8 10 12 13 14 15 16 | 16.9
Hexes          | 1 2 3 5 6 7 |  7.0
Translocations | 2 3 4 5 6 |  6.0
Fighting       | 1 4 6 8 9 10 | 10.0
Necromancy     | 5 8 10 11 | 11.0
Air Magic      | 1 5 |  5.2

Action                   |  1- 3 |  4- 6 |  7- 9 | 10-12 | 13-15 || total
-------------------------+-------+-------+-------+-------+-------++-------
Melee: Quarterstaff      |       |       |       |     3 |     1 ||     4
 Cast: Magic Dart        |    46 |    18 |    77 |    64 |    97 ||   302
       Searing Ray       |     8 |    20 |    70 |   121 |    57 ||   276
       Iskenderun's Myst |       |       |    12 |    70 |   134 ||   216
       Fulminant Prism   |       |       |     2 |    83 |   176 ||   261
       Lightning Bolt    |       |       |       |       |   339 ||   339
       Dispel Undead     |       |       |       |       |     6 ||     6
Evoke: Phial of floods   |       |       |       |       |     2 ||     2
       Wand              |       |       |       |       |    10 ||    10
       Condenser vane    |       |       |       |       |     1 ||     1
  Use: Scroll            |     5 |     1 |     5 |     3 |    16 ||    30
       Potion            |       |     4 |     1 |     3 |     6 ||    14
Armor: Robe              |     2 |     6 |    12 |    34 |    52 ||   106
       Skin              |       |       |       |       |     2 ||     2
Dodge: Dodged            |     2 |     2 |    27 |    46 |    99 ||   176
       Repelled          |       |       |     1 |     2 |     4 ||     7

Table legend: (Time is in decaauts)
 A = Elapsed time spent in this place.
 B = Non-inter-level travel time spent in this place.
 C = Inter-level travel time spent in this place.
 D = Time resting spent in this place.
 E = Time spent auto-exploring this place.
 F = Levels seen in this place.
 G = Mean time per level.
                   A        B        C        D        E       F      G
               +--------+--------+--------+--------+--------+-----+--------+
         Total |  31384 |  29904 |   1480 |   6967 |  18868 |  24 | 1307.7 |
       Dungeon |  15577 |  14743 |    834 |   2321 |  10695 |  12 | 1298.1 |
        Temple |    211 |    188 |     23 |      0 |    171 |   1 |  211.0 |
          Lair |  10280 |   9829 |    451 |   2785 |   5589 |   6 | 1713.3 |
         Swamp |   1394 |   1361 |     33 |    552 |    654 |   2 |  697.0 |
  Orcish Mines |   2991 |   2852 |    139 |    917 |   1366 |   2 | 1495.5 |
        Bailey |    929 |    929 |      0 |    392 |    392 |   1 |  929.0 |
               +--------+--------+--------+--------+--------+-----+--------+

Top non-repeatable levels by time:
  Lair:6: 2799 daAuts
    D:12: 2187 daAuts
    D:11: 2094 daAuts
  Lair:5: 2025 daAuts
  Lair:4: 1785 daAuts
   Orc:2: 1781 daAuts
     D:8: 1764 daAuts
     D:3: 1458 daAuts
     D:9: 1389 daAuts
 Swamp:1: 1381 daAuts
  Lair:3: 1341 daAuts
  Lair:1: 1324 daAuts
   Orc:1: 1210 daAuts
     D:6: 1205 daAuts
     D:2: 1067 daAuts
